 Dungeon Crawl Stone Soup version 0.31-a0-1549-g5ff9445e89 (webtiles) character file.

Game seed: 8416057616499521488

34 celiacchi the Grasshopper (level 3, 0/18 HPs)
             Began as a Spriggan Warper on Jan 2, 2024.
             Slain by an adder (4 damage)
             ... on level 4 of the Dungeon.
             The game lasted 00:37:24 (1083 turns).

celiacchi the Grasshopper (Spriggan Warper)         Turns: 1083, Time: 00:37:25

Health: 0/18       AC:  3    Str:  9    XL:     3   Next: 14%
Magic:  8/8        EV: 18    Int: 14    God:
Gold:   68         SH:  0    Dex: 14    Spells: 8/8 levels left

rFire   . . .        q - +0 spear
rCold   + . .        (no shield)
rNeg    . . .        i - +1 robe {rF+}
rPois   .            (helmet restricted)
rElec   .            (no cloak)
rCorr   .            (gloves unavailable)
SInv    +            (boots unavailable)
Will    .....        (no amulet)
Stlth   ++           f - ring of ice
HPRegen 0.23/turn    (no ring)
MPRegen 0.11/turn

%: no passive effects
@: very quick
A: very small, no large weapons, unfitting armour, see invisible, speed 3
a: no special abilities


You were on level 4 of the Dungeon.
You visited 1 branch of the dungeon, and saw 4 of its levels.

You collected 68 gold pieces.

Inventory:

Hand Weapons
 a - a +0 short sword
 h - a +0 dagger
 k - a +0 club
 l - a +0 dagger
 n - a +0 mace
 o - a +0 dagger
 q - a +0 spear (weapon)
Missiles
 g - 2 stones
Armour
 b - a +0 robe
 i - a +1 robe of fire resistance (worn)
 j - a +0 pair of boots
 p - a +0 ring mail
Jewellery
 f - a ring of ice (left hand)
Scrolls
 c - 3 scrolls of identify
Potions
 e - a potion of mutation {unknown}
 m - 2 potions of degeneration {unknown}


   Skills:
 + Level 1.8 Fighting
 + Level 2.6 Short Blades
 + Level 1.1 Throwing
 + Level 3.6 Dodging
 + Level 0.6 Stealth
 + Level 3.1 Spellcasting
 + Level 4.8 Translocations


You had 8 spell levels left.
You didn't know any spells.
Your spell library contained the following spells:

 Spells                   Type           Power      Damage    Failure   Level
 Apportation              Tloc           30%        N/A       3%          1
 Blink                    Tloc           30%        N/A       4%          2
 Lesser Beckoning         Tloc           30%        N/A       4%          2
 Teleport Other           Tloc           15%        N/A       9%          3
 Manifold Assault         Tloc           15%        N/A       28%         4
 Jinxbite                 Hex            4%         N/A       32%         2
 Vhi's Electric Charge    Tloc/Air       18%        N/A       61%         4
 Alistair's Intoxication  Alch           1%         N/A       99%         5


Dungeon Overview and Level Annotations

Branches:
Dungeon (4/15)
 Temple: D:4-7

Altars:

Annotations:
D:3 2 transporters, djent's ghost, amateur HuAE


Innate Abilities, Weirdness & Mutations

You are very small and have problems with some larger weapons.
You are too small for most types of armour.
You have supernaturally acute eyesight. (SInv)
You cover ground extremely quickly. (Speed+++)


Message History

Throw: 2 darts (disperse)
Press: ? - help, Q - select action, (/) - cycle Shift-Dir - straight line, f - kobold
Aim: a kobold, wielding a +0 club and carrying a wand of iceblast (45% to hit)
You throw a dart of dispersal.
The dart of dispersal closely misses the kobold.
The dart of dispersal hits the endoplasm.
The endoplasm blinks!
Throw: dart (disperse)
Press: ? - help, Q - select action, (/) - cycle Shift-Dir - straight line, f/p - kobold
Aim: a kobold, wielding a +0 club and carrying a wand of iceblast (45% to hit)
You throw a dart of dispersal. The dart of dispersal hits the kobold.
The kobold blinks!
The bat barely misses you.
There is a stone staircase leading down here.
The adder completely misses you. The bat hits you.
* * * LOW HITPOINT WARNING * * *
You climb downwards.
There is a stone staircase leading up here.
Okay, then.
Okay, then.
Reach: q) +0 spear
Press: ? - help, Dir - move target, f - adder
Aim: an adder (about 58% to evade your +0 spear)
You hit the adder.
The adder is lightly wounded.
The adder bites you.
* * * LOW HITPOINT WARNING * * *
The adder bites you.
* * * LOW HITPOINT WARNING * * *
You can't go down here!
The adder barely misses you.
You climb upwards.
Level annotation: 2 transporters, djent's ghost, amateur HuAE The bat barely misses you.
The bat misses you.
There is a stone staircase leading down here.
The bat hits you but does no damage. The adder completely misses you.
You climb downwards.
There is a stone staircase leading up here.
The bat completely misses you. The adder bites you.
You die...

#########
......b@#
......S.#
#######.#
#.# #.#
#.# #.#
...


You could see an adder and a bat.

Vanquished Creatures
  A gnoll (D:1)
  A ball python (D:3)
  2 endoplasms (D:1)
  4 hobgoblins
  2 jackals (D:1)
  2 kobolds
  3 quokkas
  3 bats
  3 frilled lizards
21 creatures vanquished.

Notes
Turn   | Place    | Note
-------+----------+-------------------------------------------
     0 | D:1      | celiacchi the Spriggan Warper began the quest for the Orb.
     0 | D:1      | Reached XP level 1. HP: 10/10 MP: 5/5
   433 | D:1      | Reached XP level 2. HP: 15/15 MP: 6/6
   889 | D:3      | Found a transporter.
   897 | D:3      | Noticed djent's ghost (amateur HuAE)
   914 | D:3      | Found a transporter.
   940 | D:3      | Reached XP level 3. HP: 11/18 MP: 8/8
  1083 | D:4      | Slain by an adder

Illustrated notes

Levels and vault maps discovered:
D:1:      heliophobic_arrival_glass_houses, layout_loops_ring
D:2:      layout_basic, chequers_ecumenical_altar_island, minmay_misc_feat_x,
          st_stairs_12, uniq_crazy_yiuf_cottage
D:3:      layout_loops_corners, chei_slow_surprise,
          nicolae_overflow_hallway_of_the_gods, gammafunk_ghost_stat_death
D:4:      layout_basic

Skill      XL: |  1  2 |
---------------+-------+-----
Spellcasting   | 3 |  3.1
Fighting       | |  1.8
Short Blades   | |  2.6
Throwing       | |  1.1
Dodging        | |  3.6
Stealth        | |  0.6
Translocations | |  4.8

Action                     || total
---------------------------++-------
  Melee: Short sword       ||    88
         Spear             ||    22
  Throw: Dart              ||     7
    Use: Scroll            ||     3
 Armour: Robe              ||    35
  Dodge: Dodged            ||   104

Table legend: (Time is in decaauts)
 A = Elapsed time spent in this place.
 B = Non-inter-level travel time spent in this place.
 C = Inter-level travel time spent in this place.
 D = Time resting spent in this place.
 E = Time spent auto-exploring this place.
 F = Levels seen in this place.
 G = Mean time per level.
                   A        B        C        D        E       F      G
               +--------+--------+--------+--------+--------+-----+--------+
         Total |    761 |    618 |    143 |     91 |      0 |   4 |  190.2 |
       Dungeon |    761 |    618 |    143 |     91 |      0 |   4 |  190.2 |
               +--------+--------+--------+--------+--------+-----+--------+

Top non-repeatable levels by time:
     D:1: 518 daAuts
     D:3: 136 daAuts
     D:2: 102 daAuts
     D:4: 4 daAuts
